 Dungeon Crawl Stone Soup version 0.18-a0-626-geb0fed7 (webtiles) character file.

542 Proton the Shield-Bearer (level 7, -20/55 HPs)
             Began as a Formicid Fighter on Dec 4, 2015.
             Was an Initiate of Ru.
             Demolished by an ogre
             ... wielding a +0 giant spiked club
              (29 damage)
             ... on level 4 of the Dungeon.
             The game lasted 00:14:23 (4299 turns).

Proton the Shield-Bearer (Formicid Fighter)         Turns: 4299, Time: 00:14:24

Health: -20/55     AC:  8    Str: 23    XL:     7   Next: 52%
Magic:  7/7        EV: 10    Int:  7    God:    Ru [......]
Gold:   306        SH: 10    Dex: 10    Spells: 0 memorised, 6 levels left

rFire  . . .     SeeInvis +     a - +0 war axe
rCold  . . .     Clarity  .     p - +1 ring mail {MR+}
rNeg   . . .     SustAt   .     c - +0 shield
rPois  .         Gourm    .     (helmet unavailable)
rElec  .         Spirit   .     u - +0 cloak
rCorr  +         Dismiss  .     (no gloves)
rMut   .         Stasis   +     (no boots)
MR     +....                    o - amulet of resist corrosion
Stlth  ..........               (no ring)
                                (no ring)

@: somewhat resistant to hostile enchantments, extremely unstealthy
A: permanent stasis, dig shafts and tunnels, four strong arms, antennae 3
a: Dig, Shaft Self, Renounce Religion


You were on level 4 of the Dungeon.
You worshipped Ru.
Ru was noncommittal.
You were hungry.

You visited 2 branches of the dungeon, and saw 7 of its levels.

You collected 306 gold pieces.

Inventory:

Hand Weapons
 a - a +0 war axe (weapon)
Armour
 c - a +0 shield (worn)
 p - a +1 ring mail of magic resistance (worn)
 u - a +0 cloak (worn)
Jewellery
 o - an amulet of resist corrosion (around neck)
Wands
 m - a wand of polymorph (9)
Scrolls
 e - a scroll of recharging {unknown}
 f - 5 scrolls of remove curse {unknown}
 i - a scroll of teleportation {unknown}
 k - a scroll of noise {unknown}
 n - 4 scrolls of identify {unknown}
 s - a scroll of fear {unknown}
 t - 4 scrolls of magic mapping {unknown}
 v - a scroll of enchant weapon {unknown}
Potions
 b - a potion of haste {unknown}
 d - 4 potions of might
 g - 2 potions of curing {unknown}
 h - 2 potions of heal wounds {unknown}
 j - 2 potions of agility {unknown}
 q - 2 potions of brilliance {unknown}
 r - a potion of lignification {unknown}
 w - 2 potions of poison {unknown}
 A - a potion of magic {unknown}
Comestibles
 l - a bread ration
 x - 2 meat rations


   Skills:
 + Level 4.6 Fighting
 * Level 4.7 Axes
 + Level 4.3 Armour
 + Level 2.6 Dodging
 + Level 5.3 Shields


You had 6 spell levels left.
You didn't know any spells.

Dungeon Overview and Level Annotations

Branches:
Dungeon (6/15)             Temple (1/1) D:4

Altars:
Cheibriados
Dithmenos
Elyvilon
Fedhas
Gozag
Makhleb
Nemelex Xobeh
Pakellas
Qazlal
Ru
Trog
Vehumet
Xom

Annotations:
D:3 Proton's ghost, amateur FoFi
D:6 vible's ghost, novice FoHu


Innate Abilities, Weirdness & Mutations

You are under a permanent stasis effect.
You can dig through walls and to a lower floor.
Your four strong arms can wield two-handed weapons with a shield.
You have a pair of large antennae on your head (SInv).


Message History

There is an open door here.
You barely miss the ogre. The ogre closely misses you.
You slash the ogre!
The ogre is heavily wounded.
The ogre hits you with a giant spiked club!
You hit the ogre but do no damage.
The ogre is heavily wounded.
The ogre closely misses you.
You slash the ogre!
The ogre is almost dead.
You block the ogre's attack.
You barely miss the ogre.
The ogre is almost dead.
The ogre hits you with a giant spiked club!!
* * * LOW HITPOINT WARNING * * *
You closely miss the ogre.
The ogre is almost dead.
The ogre hits you with a giant spiked club!!
Ouch! That really hurt!
You die...

#.##.......# ##.####
#.##.......# #.#...
#.##.......# #...##
#.##.......# ##..##
#..'.......# #....
#############.......#
##.##
#................####
#.## #.#############.##
#..# #.# #..O@.# ##.# #.#
#.##### #.. ###.#######
#.# ##. #.........# #.#
#. #########.# #.# ######
## #.# #.# ###....# #
#.###.#########≈≈.≈≈.####
#..............≈#+#≈.....
#####.########..'_'..####


You could see an ogre.

Vanquished Creatures
  An ogre (D:4)
  A hound (D:4)
  An orc priest (D:5)
  2 orc wizards (D:5)
  Crazy Yiuf (D:2)
  A giant frog skeleton (D:5)
  Natasha (D:2)
  4 worker ants
  Robin (D:2)
  3 adders
  2 shadow imps
  An adder skeleton (D:3)
  2 worms
  5 orcs (D:5)
  11 bats
  2 giant cockroaches
  18 goblins
  9 hobgoblins
  5 jackals
  3 kobolds
  4 quokkas
  A ball python (D:1)
  4 giant geckos
  A giant gecko zombie (D:5)
  7 giant newts
  14 rats
  2 fungi (D:2)
107 creatures vanquished.

Notes
Turn   | Place    | Note
--------------------------------------------------------------
     0 | D:1      | Proton the Formicid Fighter began the quest for the Orb.
     0 | D:1      | Reached XP level 1. HP: 18/18 MP: 1/1
    75 | D:1      | Reached XP level 2. HP: 5/24 MP: 2/2
   663 | D:1      | Reached skill level 1 in Dodging
   663 | D:1      | Reached XP level 3. HP: 24/29 MP: 3/3
  1267 | D:1      | Reached skill level 4 in Shields
  1397 | D:2      | Noticed Robin
  1481 | D:1      | Reached XP level 4. HP: 21/35 MP: 4/4
  1610 | D:2      | Killed Robin
  2150 | D:2      | Noticed Crazy Yiuf
  2157 | D:2      | Killed Crazy Yiuf
  2157 | D:2      | Reached XP level 5. HP: 26/42 MP: 5/5
  2483 | D:3      | Noticed Natasha
  2485 | D:3      | Noticed Proton's ghost (amateur FoFi)
  2699 | D:2      | Killed Natasha
  2848 | D:4      | Reached XP level 6. HP: 48/48 MP: 6/6
  2947 | D:4      | Found a blossoming altar of Fedhas.
  3042 | D:4      | Found a shadowy altar of Dithmenos.
  3102 | D:4      | Found a staircase to the Ecumenical Temple.
  3112 | Temple   | Entered the Ecumenical Temple
  3263 | Temple   | Became a worshipper of Ru the Awakened
  3407 | D:5      | Entered Level 5 of the Dungeon
  3481 | D:5      | Reached skill level 5 in Shields
  3505 | D:5      | Found a sparkling altar of Nemelex Xobeh.
  3614 | D:5      | Found an opulent altar of Gozag.
  3807 | D:5      | Reached XP level 7. HP: 52/55 MP: 7/7
  4158 | D:6      | Noticed vible's ghost (novice FoHu)
  4299 | D:4      | Demolished by an ogre

Vault maps used:
D:1:      dpeg_arrival_sounds_slurp, minmay_surrounded
D:2:      first_bread, uniq_crazy_yiuf_cottage, uniq_robin
D:3:      grunt_qazlal_sundering, uniq_jessica, uniq_natasha
D:4:      kennysheep_mini_moat, lemuel_crystal_altar,
          lemuel_coloured_pillars_altar, minmay_temple_entry_butterflies,
          serial_shops, shop_statue
D:5:      kennysheep_little_box, nicolae_gozag_cash_rules_everything_around_me
D:6:      nicolae_ossuary_entry_giza, kennysheep_potato, uniq_sigmund
Temple:   chambers_temple_12

Action                   |  1- 3 |  4- 6 |  7- 9 || total
-------------------------+-------+-------+-------++-------
Melee: War axe           |   155 |   188 |    40 ||   383
       Unarmed           |       |    11 |       ||    11
 Abil: Dig               |     2 |       |       ||     2
  Eat: Bread ration      |     1 |       |       ||     1
       Meat ration       |       |     1 |       ||     1
       Beef jerky        |       |       |     1 ||     1
